 Dungeon Crawl Stone Soup version 0.27-a0-1555-g0e7b3fb1d2 (webtiles) character file.

Game seed: 7762477103295368585

66 bande the Covered (level 4, -4/29 HPs)
             Began as a Gargoyle Fighter on July 14, 2021.
             Slain by an ogre (19 damage)
             ... on level 3 of the Dungeon.
             The game lasted 00:02:39 (2008 turns).

bande the Covered (Gargoyle Fighter)                Turns: 2008, Time: 00:02:39

Health: -4/29      AC: 13    Str: 20    XL:     4   Next: 15%
Magic:  4/4        EV:  5    Int:  8    God:
Gold:   67         SH:  9    Dex: 10    Spells: 3/3 levels left

rFire    . . .     SeeInvis .   a - +0 war axe
rCold    . . .     Faith    .   c - +0 kite shield
rNeg     + . .     Spirit   .   f - +0 chain mail
rPois    ∞         Reflect  .   (no helmet)
rElec    +         Harm     .   (no cloak)
rCorr    .         Rampage  .   (no gloves)
Will     .....                  (no boots)
Stlth    ..........             (no amulet)
HPRegen  0.09/turn              (no ring)
MPRegen  0.09/turn              (no ring)

@: no status effects
A: sickness immunity, AC +3, negative energy resistance 1, electricity
resistance, torment resistance 1, petrification resistance
a: no special abilities


You were on level 3 of the Dungeon.
You visited 1 branch of the dungeon, and saw 3 of its levels.

You collected 67 gold pieces.

Inventory:

Hand Weapons
 a - a +0 war axe (weapon)
Missiles
 b - a throwing net (quivered)
Armour
 c - a +0 kite shield (worn)
 f - a +0 chain mail (worn)
Jewellery
 e - a ring of flight
 j - a ring of ice
Wands
 k - a wand of digging (5)
Scrolls
 g - 3 scrolls of identify {unknown}
 l - a scroll of amnesia {unknown}
Potions
 d - a potion of might


   Skills:
 + Level 3.8 Fighting
 + Level 2.7 Axes
 + Level 3.9 Armour
 + Level 3.6 Shields
 * Level 0.1 Evocations


You had 3 spell levels left.
You didn't know any spells.
Your spell library contained the following spells:

 Spells                   Type           Power      Damage    Failure   Level
 Foxfire                  Conj/Fire      0%         2x1d4     100%        1
 Conjure Flame            Conj/Fire      0%         6-21      100%        3
 Inner Flame              Hex/Fire       0%         N/A       100%        3


Dungeon Overview and Level Annotations

Branches:
Dungeon (3/15)

Altars:


Innate Abilities, Weirdness & Mutations

You are immune to sickness and miasma.
Your stone body is resilient. (AC +3)
You are immune to poison.
You resist negative energy. (rN+)
You are resistant to electric shocks. (rElec)
You are resistant to unholy torment.
You are immune to petrification.


Message History

There is an open door here.
A bat comes into view.
You block the bat's attack.
You miss the bat. You block the bat's attack.
You slash the bat!
You kill the bat!
No target in view!
No target in view!
No target in view!
No target in view!
No target in view!
No target in view!
g - 3 scrolls labelled RUGAEC CORAS You open the door.
There is an open door here.
A giant cockroach comes into view.
The giant cockroach barely misses you.
The giant cockroach bites you but does no damage.
You hit the giant cockroach.
The giant cockroach is severely wounded.
The giant cockroach bites you but does no damage.
You hit the giant cockroach.
You kill the giant cockroach!
No target in view!
No target in view!
No target in view!
No target in view!
Found an escape hatch in the floor.
An ogre comes into view. It is wielding a +0 giant club.
Found a stone staircase leading down.
The ogre shouts!
An ogre is nearby!
You hit the ogre.
The ogre is lightly wounded.
The ogre hits you with a +0 giant club! You block the ogre's attack.
You hit the ogre.
The ogre is lightly wounded.
The ogre hits you with a +0 giant club!!
Ouch! That really hurt!
You die...

######### ........#
#### ###.#######
.#....#.........#
....>.O@..#.....#
.........##.###########
>......................
.#.########.#..........
.. #.#......#.. .
#.#....#.#.#
#.####.#.#.#
#........#.#
######.#...#


You could see an ogre.

Vanquished Creatures
  3 gnolls
  A worm (D:3)
  A dart slug (D:1)
  An endoplasm (D:1)
  2 giant cockroaches
  2 goblins
  A hobgoblin (D:1)
  2 jackals (D:3)
  4 quokkas (D:1)
  4 ball pythons (D:1)
  3 bats
  2 frilled lizards (D:1)
  4 kobolds
  A rat (D:1)
31 creatures vanquished.

Notes
Turn   | Place    | Note
-------+----------+-------------------------------------------
     0 | D:1      | bande the Gargoyle Fighter began the quest for the Orb.
     0 | D:1      | Reached XP level 1. HP: 14/14 MP: 1/1
    41 | D:1      | Found a faded altar of an unknown god.
   607 | D:1      | Reached XP level 2. HP: 18/19 MP: 2/2
  1082 | D:1      | Reached XP level 3. HP: 24/24 MP: 3/3
  1868 | D:3      | Reached XP level 4. HP: 28/29 MP: 4/4
  2006 | D:3      | Noticed an ogre
  2008 | D:3      | Slain by an ogre

Illustrated notes

Levels and vault maps discovered:
D:1:      minmay_arrival_nine_rooms, layout_loops_ring,
          hellmonk_ecumenical_altar_run_dry
D:2:      layout_basic
D:3:      layout_basic, serial_shops, shop_statue, feat_on_display, uniq_jessica

Skill      XL: |  1  2 |
---------------+-------+-----
Axes           | 2 |  2.7
Fighting       | |  3.8
Armour         | |  3.9
Shields        | |  3.6
Evocations     | |  0.1

Action                   |  1- 3 |  4- 6 || total
-------------------------+-------+-------++-------
Melee: War axe           |   129 |     6 ||   135
  Use: Scroll            |     2 |       ||     2
       Potion            |     1 |     4 ||     5
Armor: Chain mail        |    84 |     2 ||    86
       Scale mail        |     6 |       ||     6
Dodge: Dodged            |    26 |     1 ||    27
Block: Kite shield       |    75 |     3 ||    78

Table legend: (Time is in decaauts)
 A = Elapsed time spent in this place.
 B = Non-inter-level travel time spent in this place.
 C = Inter-level travel time spent in this place.
 D = Time resting spent in this place.
 E = Time spent auto-exploring this place.
 F = Levels seen in this place.
 G = Mean time per level.
                   A        B        C        D        E       F      G
               +--------+--------+--------+--------+--------+-----+--------+
         Total |   2074 |   2074 |      0 |    421 |   1263 |   3 |  691.3 |
       Dungeon |   2074 |   2074 |      0 |    421 |   1263 |   3 |  691.3 |
               +--------+--------+--------+--------+--------+-----+--------+

Top non-repeatable levels by time:
     D:1: 1416 daAuts
     D:3: 404 daAuts
     D:2: 254 daAuts
